AoeStats
← SirRichy2013

Arena

505759042Analyzed
4v4 RM · 22d ago on Sep 10, 2026· 72m 15s· 8 players
Game mode
Random Map
Map size
Large (8 player)
Population
200
Speed
Normal
Resources
Standard
Victory
Conquest
Starting age
Dark Age
Ending age
Imperial Age
RankedLock teamsTeams togetherTeam positionsShared explorationLock speedFull tech treeHidden civsTurbo modeCheats
Victory
Defeat
🇦🇷 Vikings · Argentina
1143
+13
🇧🇪 Bohemians · Belgium
1127
+13
🇨🇭 Muisca · Switzerland
1065
+16
🇨🇳 Hindustanis · China
1057
+16
🇲🇽 Malay · Mexico
1091
-16
🇨🇦 Slavs · Canada
1086
-15
🇨🇴 Chinese · Colombia
1057
-14
🇲🇽 Japanese · Mexico
1038
-13
TOE KNEE SAI
0:39 Loom
10:11 Feudal Age
17:12 Castle Age
15:10 Double-Bit Axe
15:26 Horse Collar
16:04 Gold Mining
17:19 Man-at-Arms
18:26 Bow Saw
19:56 Scale Mail Armor
22:19 Wheelbarrow
21:58 Forging
26:04 Stone Mining
26:34 Hand Cart
28:37 Gold Shaft Mining
29:59 Pikeman
31:36 Iron Casting
34:05 Imperial Age
31:58 Heavy Plow
31:30 Long Swordsman
32:32 Chain Mail Armor
34:03 Murder Holes
35:50 Chemistry
34:44 Capped Ram
34:48 Halberdier
36:23 Crop Rotation
37:16 Two-Man Saw
36:14 Two-Handed Swordsman
37:26 Fortified Wall
37:42 Champion
38:45 Siege Engineers
39:01 Ballistics
39:40 Plate Mail Armor
40:58 Blast Furnace
39:49 Fletching
41:51 Squires
42:30 Elite Skirmisher
43:18 Druzhina
44:40 Herbal Medicine
48:07 Padded Archer Armor
58:47 Siege Ram
61:01 Bodkin Arrow
61:22 Leather Archer Armor
65:00 Onager
67:38 Detinets
72:12 Guard Tower
SirRichy2013
2:09 Loom
12:05 Feudal Age
16:31 Castle Age
14:52 Double-Bit Axe
15:53 Horse Collar
16:31 Gold Mining
18:19 Fletching
31:41 Wheelbarrow
33:15 Heavy Plow
34:05 Pikeman
38:08 Imperial Age
36:43 Gold Shaft Mining
36:33 Squires
36:39 Scale Mail Armor
40:43 Forging
42:05 Iron Casting
41:50 Chain Mail Armor
41:32 Bodkin Arrow
42:03 Padded Archer Armor
43:08 Thumb Ring
42:24 Elite Skirmisher
42:30 Halberdier
44:31 Leather Archer Armor
54:28 Hand Cart
54:20 Bracer
53:45 Heavy Cavalry Archer
54:52 Parthian Tactics
55:02 Ring Archer Armor
55:33 Blast Furnace
55:04 Plate Mail Armor
59:52 Caravan
67:41 Plate Mail Armor
67:17 Capped Ram
MiloJ
0:26 Loom
11:12 Feudal Age
11:56 Wheelbarrow
11:39 Double-Bit Axe
16:54 Castle Age
16:08 Horse Collar
16:41 Bow Saw
17:40 Heavy Plow
18:30 Hand Cart
23:25 Stone Mining
23:26 Gold Mining
25:44 Gold Shaft Mining
26:44 Stone Shaft Mining
31:44 Imperial Age
29:53 Husbandry
29:51 Town Watch
30:54 Town Patrol
31:26 Forging
32:17 Crop Rotation
33:20 Iron Casting
32:11 Elite Battle Elephant
33:29 Conscription
35:01 Blast Furnace
34:07 Scale Barding Armor
34:22 Thalassocracy
35:19 Forced Levy
34:42 Man-at-Arms
35:23 Squires
35:08 Arson
35:33 Caravan
36:03 Fletching
36:36 Ballistics
35:44 Long Swordsman
36:17 Two-Handed Swordsman
37:04 Bodkin Arrow
37:10 Padded Archer Armor
37:37 Elite Karambit Warrior
39:23 Bracer
40:18 Leather Archer Armor
42:31 Elite Skirmisher
45:17 Pikeman
47:52 Ring Archer Armor
46:50 Halberdier
47:34 Halberdier
63:37 Light Cavalry
Cabo
0:41 Loom
10:06 Feudal Age
13:36 Castle Age
11:44 Double-Bit Axe
12:00 Horse Collar
20:52 Gold Mining
21:58 Fletching
23:15 Wheelbarrow
23:28 Padded Archer Armor
23:52 Bodkin Arrow
25:22 Thumb Ring
25:32 Bloodlines
25:28 Husbandry
26:31 Ballistics
35:33 Imperial Age
35:36 Heavy Cavalry Archer
36:20 Bracer
36:37 Leather Archer Armor
37:51 Chemistry
45:20 Hand Cart
44:50 Town Watch
47:45 Fortified Wall
53:24 Ring Archer Armor
Bobpower
2:36 Loom
11:00 Feudal Age
17:02 Castle Age
15:49 Double-Bit Axe
15:53 Champi Runner
18:12 Squires
26:10 Wheelbarrow
28:02 Champi Warrior
28:34 Town Watch
31:57 Elite Skirmisher
33:14 Horse Collar
33:28 Gold Mining
33:52 Bow Saw
36:20 Squires
35:40 Pikeman
36:22 Heavy Plow
37:01 Gold Shaft Mining
39:46 Imperial Age
37:44 Scale Mail Armor
37:35 Fletching
39:48 Chain Mail Armor
39:44 Forging
39:29 Bodkin Arrow
39:37 Padded Archer Armor
40:30 Elite Champi Warrior
40:35 Elite Temple Guard
43:37 Hand Cart
47:07 Town Patrol
48:22 Plate Mail Armor
48:27 Iron Casting
48:09 Leather Archer Armor
47:55 Bracer
54:29 Stone Mining
60:44 Crop Rotation
64:10 Two-Man Saw
63:48 Stone Shaft Mining
63:53 Coinage
65:40 Thumb Ring
64:55 Crossbowman
66:34 Ballistics
67:15 Chemistry
68:44 Leather Archer Armor
68:29 Bracer
70:19 Bracer
72:25 Murder Holes
72:10 Treadmill Crane
72:42 Masonry
72:37 Siege Engineers
73:19 Banking
Racletteduterter
2:00 Loom
12:02 Feudal Age
12:52 Double-Bit Axe
16:19 Castle Age
15:52 Man-at-Arms
21:06 Long Swordsman
27:12 Double-Bit Axe
32:30 Bow Saw
35:18 Chemistry
35:10 Ballistics
35:16 Murder Holes
39:39 Imperial Age
38:42 Wheelbarrow
38:48 Padded Archer Armor
39:57 Caravan
40:05 Pikeman
41:31 Leather Archer Armor
43:25 Halberdier
44:06 Squires
44:19 Forging
44:10 Scale Mail Armor
44:41 Ring Archer Armor
44:03 Houfnice
49:45 Iron Casting
49:25 Chain Mail Armor
57:44 Arson
60:43 Hand Cart
丧心病狂
11:00 Feudal Age
14:43 Castle Age
13:01 Double-Bit Axe
15:58 Bow Saw
16:08 Forging
16:03 Scale Barding Armor
16:48 Loom
16:49 Horse Collar
25:05 Wheelbarrow
24:41 Heavy Plow
29:47 Imperial Age
28:30 Iron Casting
28:16 Chain Barding Armor
28:51 Husbandry
29:02 Bloodlines
29:29 Coinage
29:32 Hand Cart
29:03 Town Watch
30:32 Town Patrol
31:18 Gold Mining
31:03 Heavy Camel Rider
33:10 Blast Furnace
32:45 Plate Barding Armor
33:05 Imperial Camel Rider
34:41 Conscription
34:26 Grand Trunk Road
37:10 Fletching
37:21 Padded Archer Armor
48:53 Gold Shaft Mining
55:58 Bodkin Arrow
56:18 Leather Archer Armor
55:53 Elite Skirmisher
56:39 Thumb Ring
57:17 Bracer
57:32 Leather Archer Armor
59:10 Leather Archer Armor
62:00 Two-Man Saw
63:25 Ballistics
64:05 Chemistry
64:06 Pikeman
64:46 Squires
64:32 Arson
64:50 Scale Mail Armor
ELDIOSCHICHOLIN
0:30 Loom
11:23 Feudal Age
12:44 Double-Bit Axe
12:56 Horse Collar
14:17 Man-at-Arms
17:14 Scale Mail Armor
17:50 Scale Mail Armor
18:01 Forging
22:16 Castle Age
21:46 Arson
22:23 Gold Mining
22:19 Long Swordsman
23:00 Squires
23:44 Gambesons
24:38 Iron Casting
27:47 Chain Mail Armor
27:12 Elite Skirmisher
28:17 Bow Saw
28:45 Gold Shaft Mining
28:44 Fletching
29:34 Bodkin Arrow
30:07 Padded Archer Armor
40:11 Imperial Age
37:53 Town Watch
40:21 Two-Handed Swordsman
42:53 Chemistry
42:14 Ballistics
42:09 Bracer
42:25 Leather Archer Armor
41:34 Champion
44:56 Capped Ram
47:04 Siege Ram
51:36 Conscription
62:53 Plate Mail Armor
63:24 Blast Furnace
Connection lost

Rejoining the realm…

Still unreachable

The connection could not be restored.

Session expired

The server has moved on; the page needs a fresh start.